 Dungeon Crawl Stone Soup version 0.31-a0-167-g1c394c0614 (webtiles) character file.

Game seed: 2985892491888308941

303 qw the Shooter (level 6, -8/56 HPs)
             Began as a Naga Hunter on June 14, 2023.
             Mangled by a yak (9 damage)
             ... on level 3 of the Dungeon.
             The game lasted 00:00:46 (2574 turns).

qw the Shooter (Naga Hunter)                        Turns: 2574, Time: 00:00:47

Health: -8/56      AC:  4    Str: 14    XL:     6   Next: 38%
Magic:  6/6        EV:  9    Int:  9    God:
Gold:   103        SH:  0    Dex: 16    Spells: 5/5 levels left

rFire   . . .        Y - +1 shortbow
rCold   . . .        (shield currently unavailable)
rNeg    . . .        c - +0 leather armour
rPois   +            (no helmet)
rElec   .            (no cloak)
rCorr   +            f - +0 pair of gloves
SInv    +            (no barding)
Will    .....        (no amulet)
Stlth   ++           i - ring of resist corrosion
HPRegen 0.29/turn    (no ring)
MPRegen 0.10/turn

%: no passive effects
@: about to teleport, short of breath, very slow
A: AC +2, large, see invisible, deformed body, poison resistance, slowness 2,
spit poison 1, naga tail 1
a: Spit Poison


You were on level 3 of the Dungeon.
You visited 1 branch of the dungeon, and saw 5 of its levels.

You collected 103 gold pieces.


Innate Abilities, Weirdness & Mutations

Your serpentine skin is tough. (AC +2)
You have supernaturally acute eyesight. (SInv)
Armour fits poorly on your strangely shaped body.
Your system is resistant to poisons. (rPois)
You cover ground very slowly.
You can spit poison.
You have a snake-like lower body.


   Skills:
 + Level 3.6 Fighting
 - Level 6.2 Ranged Weapons
 - Level 1.5 Dodging
 - Level 1.5 Stealth


You had 5 spell levels left.
You didn't know any spells.
Your spell library was empty.

Inventory:

Hand Weapons
 Y - a +1 shortbow (weapon)
Armour
 c - a +0 leather armour (worn)
 f - a +0 pair of gloves (worn)
Jewellery
 i - a ring of resist corrosion (left hand)
Scrolls
 a - 2 scrolls of identify
Potions
 d - 2 potions of curing

Dungeon Overview and Level Annotations

Branches:
Dungeon (5/15)
 Temple: D:4-7

Altars:
Kikubaaqudgha


Message History

The yak is moderately wounded.
You shoot an arrow. The yak bellows!
The arrow hits the yak but does no damage.
The yak is moderately wounded.
A yak comes into view.
The yak gores you! x2
2569 ||| STAIRDANCE You have got your breath back.
You climb upwards.
There is a stone staircase leading down here.
Enter note:
Enter note:
Enter note:
Enter note:
Enter note:
Enter note:
Enter note:
Enter note:
Enter note:
Enter note:
Enter note:
Enter note:
2571 ||| INVOKING Spit Poison.
Aiming: Spit Poison (1% risk of failure)
Press: ? - help, Shift-Dir - straight line, f - yak The splash of poison hits the yak!
The yak is heavily wounded.
The yak gores you but does no damage. The yak gores you!
You shoot an arrow. The arrow hits the yak.
The yak is severely wounded.
The yak closely misses you. The yak gores you.
You shoot an arrow. The arrow hits the yak.
The yak is almost dead.
The yak looks more healthy.
The yak gores you. The yak gores you!
2574 ||| READING scroll of teleportation.
As you read the scroll of teleportation, it crumbles to dust.
You feel strangely unstable. The yak gores you. The yak gores you!
You die...

.................................
................................#
................................#
#######.........................#
#.........................#
#<........................# ###
##.........................# ..#
#..........................#
..####..........@Y..............#
.....#...........Y..............#
.....#.......................:..#
...>.#...........................
##...#...........................
##...#...........................
.................................
.######..........................
.# #.(........................


You could see 2 yaks.

Vanquished Creatures
  A phantom (D:5)
  A scorpion (D:5)
  A hound (D:4)
  3 gnolls (D:2)
  6 adders
  2 dart slugs
  2 orcs
  6 endoplasms
  2 giant cockroaches (D:1)
  2 goblins
  A hobgoblin (D:1)
  3 quokkas
  4 ball pythons
  5 bats
  3 frilled lizards
  7 kobolds
  3 rats
52 creatures vanquished.

Notes
Turn   | Place    | Note
-------+----------+-------------------------------------------
     0 | D:1      | qw the Naga Hunter began the quest for the Orb.
     0 | D:1      | Reached XP level 1. HP: 19/19 MP: 1/1
     0 | D:1      | 0 ||| qw: Version: 0.2-a-29-g1fa15c8
     0 | D:1      | 0 ||| qw: Game counter: 5036
     0 | D:1      | 0 ||| qw: Always use a shield: true
     0 | D:1      | 0 ||| qw: God list: Okawaru
     0 | D:1      | 0 ||| qw: Allow faded altars: false
     0 | D:1      | 0 ||| qw: Do Orc after D:15 true
     0 | D:1      | 0 ||| qw: Do second Lair branch before Depths: true
     0 | D:1      | 0 ||| qw: Lair rune preference: random
     0 | D:1      | 0 ||| qw: Plans: Normal
     0 | D:1      | 0 ||| PLANNING D:1-11
    42 | D:1      | 42 ||| INVOKING Spit Poison.
    47 | D:1      | 47 ||| INVOKING Spit Poison.
   167 | D:1      | 167 ||| INVOKING Spit Poison.
   202 | D:1      | 202 ||| INVOKING Spit Poison.
   210 | D:1      | 210 ||| INVOKING Spit Poison.
   213 | D:1      | Reached skill level 4 in Ranged Weapons
   213 | D:1      | Reached XP level 2. HP: 23/26 MP: 2/2
   300 | D:1      | 300 ||| INVOKING Spit Poison.
   436 | D:1      | 436 ||| INVOKING Spit Poison.
   634 | D:1      | Found a faded altar of an unknown god.
   662 | D:1      | 662 ||| INVOKING Spit Poison.
   805 | D:1      | 805 ||| UPGRADING to +0 pair of gloves.
   810 | D:1      | 810 ||| READING 3 scrolls labelled XUXIET IRARANU.
   811 | D:1      | 811 ||| READING scroll labelled IGUOHE JUIFU.
   816 | D:1      | 816 ||| READING 2 scrolls of identify.
   816 | D:1      | 816 ||| IDENTIFYING glowing grey potion
   817 | D:1      | 817 ||| DROPPING scroll of butterflies.
   872 | D:2      | 872 ||| INVOKING Spit Poison.
   874 | D:2      | Reached XP level 3. HP: 32/32 MP: 3/3
   876 | D:2      | 876 ||| INVOKING Spit Poison.
   919 | D:2      | 919 ||| INVOKING Spit Poison.
   986 | D:2      | 986 ||| INVOKING Spit Poison.
   990 | D:2      | 990 ||| INVOKING Spit Poison.
  1067 | D:2      | Found an ancient bone altar of Kikubaaqudgha.
  1072 | D:2      | 1072 ||| INVOKING Spit Poison.
  1073 | D:2      | Reached skill level 5 in Ranged Weapons
  1073 | D:2      | Reached XP level 4. HP: 39/39 MP: 4/4
  1131 | D:2      | 1131 ||| INVOKING Spit Poison.
  1150 | D:2      | 1150 ||| INVOKING Spit Poison.
  1186 | D:2      | 1186 ||| INVOKING Spit Poison.
  1243 | D:2      | 1243 ||| INVOKING Spit Poison.
  1414 | D:2      | 1414 ||| INVOKING Spit Poison.
  1418 | D:2      | 1418 ||| INVOKING Spit Poison.
  1477 | D:2      | 1477 ||| INVOKING Spit Poison.
  1481 | D:2      | 1481 ||| INVOKING Spit Poison.
  1519 | D:2      | 1519 ||| INVOKING Spit Poison.
  1587 | D:2      | 1587 ||| UPGRADING to ring of resist corrosion.
  1588 | D:2      | 1588 ||| READING scroll labelled AREOCA OWEYNT.
  1589 | D:2      | 1589 ||| READING scroll labelled UWAEFE EHETYXT.
  1590 | D:2      | 1590 ||| READING scroll labelled SOXKIY HEFRIE.
  1591 | D:2      | 1591 ||| DRINKING 3 bubbling sapphire potions.
  1695 | D:2      | 1695 ||| DRINKING 2 dark potions.
  1696 | D:2      | 1696 ||| READING 3 scrolls of identify.
  1696 | D:2      | 1696 ||| IDENTIFYING bubbling coppery potion
  1697 | D:2      | 1697 ||| DROPPING 2 potions of berserk rage.
  1698 | D:2      | 1698 ||| DROPPING potion of brilliance.
  1699 | D:2      | 1699 ||| DROPPING potion of ambrosia.
  1750 | D:3      | 1750 ||| INVOKING Spit Poison.
  1751 | D:3      | Reached skill level 3 in Fighting
  1776 | D:3      | You fall into a shaft and drop 2 floors!
  1776 | D:5      | Entered Level 5 of the Dungeon
  1778 | D:5      | Noticed a scorpion
  1779 | D:5      | 1779 ||| INVOKING Spit Poison.
  1781 | D:5      | Killed a scorpion
  1782 | D:5      | Reached XP level 5. HP: 49/49 MP: 5/5
  1791 | D:5      | Noticed a phantom
  1803 | D:5      | Killed a phantom
  1804 | D:5      | Reached skill level 6 in Ranged Weapons
  1804 | D:5      | Reached XP level 6. HP: 42/56 MP: 6/6
  1863 | D:4      | 1863 ||| INVOKING Spit Poison.
  1873 | D:4      | 1873 ||| INVOKING Spit Poison.
  1987 | D:3      | 1987 ||| INVOKING Spit Poison.
  2022 | D:3      | 2022 ||| INVOKING Spit Poison.
  2034 | D:3      | 2034 ||| INVOKING Spit Poison.
  2091 | D:3      | 2091 ||| INVOKING Spit Poison.
  2116 | D:3      | 2116 ||| INVOKING Spit Poison.
  2191 | D:3      | 2191 ||| INVOKING Spit Poison.
  2280 | D:3      | 2280 ||| INVOKING Spit Poison.
  2326 | D:3      | 2326 ||| INVOKING Spit Poison.
  2557 | D:3      | 2557 ||| READING scroll labelled UWKE AGRUSO.
  2558 | D:3      | 2558 ||| READING scroll labelled OQEZXI LEELYD.
  2565 | D:4      | Noticed a yak
  2565 | D:4      | Noticed a yak
  2565 | D:4      | Noticed a yak
  2565 | D:4      | Noticed a yak
  2565 | D:4      | Noticed a yak
  2566 | D:4      | 2566 ||| INVOKING Spit Poison.
  2568 | D:4      | Noticed a yak
  2569 | D:4      | 2569 ||| STAIRDANCE
  2571 | D:3      | 2571 ||| INVOKING Spit Poison.
  2573 | D:3      | HP: 7/56 [yak (8)]
  2574 | D:3      | 2574 ||| READING scroll of teleportation.
  2574 | D:3      | HP: 1/56 [yak (6)]
  2574 | D:3      | Mangled by a yak

Levels and vault maps discovered:
D:1:      dpeg_arrival_three_same_balls, layout_basic,
          hellmonk_ecumenical_altar_zigzags
D:2:      layout_loops_corners, basic_altar
D:3:      layout_basic
D:4:      layout_gridville, minmay_cupped
D:5:      layout_cave_pools, okawaru_ov_weapons_minmay,
          mainiacjoe_overflow_alcove_2, mainiacjoe_overflow_surrounded_room,
          serial_bayou, serial_bayou_lagoon_b, serial_bayou_pond_a,
          serial_bayou_pond_d, serial_bayou_pond_e, item_on_display_a,
          uniq_menkaure, uniq_grinder

Skill      XL: |  1  2  3  4  5 |
---------------+----------------+-----
Ranged Weapons | 4 5 6 |  6.2
Fighting       | 3 |  3.6
Dodging        | |  1.5
Stealth        | |  1.5

Action                     |  1- 3 |  4- 6 || total
---------------------------+-------+-------++-------
   Fire: Shortbow          |    41 |    54 ||    95
Ability: Spit Poison       |    14 |    23 ||    37
    Use: Scroll            |     3 |     7 ||    10
         Potion            |       |     2 ||     2
 Armour: Leather armour    |     4 |     6 ||    10
  Dodge: Dodged            |    11 |     8 ||    19

Table legend:
 A = Non-vault XP
 B = Vault XP
 C = Vault XP percentage of total XP
 D = Non-vault monster count
 E = Vault monster count
 F = Vault count percentage of total count
                 A         B        C        D         E       F
            +---------+---------+-------+---------+---------+-------
      Total |     433 |       0 |   0.0 |      52 |       0 |   0.0
            +---------+---------+-------+---------+---------+-------
        D:1 |      20 |       0 |   0.0 |      13 |       0 |   0.0
        D:2 |     119 |       0 |   0.0 |      20 |       0 |   0.0
        D:3 |      48 |       0 |   0.0 |      13 |       0 |   0.0
        D:4 |      50 |       0 |   0.0 |       4 |       0 |   0.0
        D:5 |     196 |       0 |   0.0 |       2 |       0 |   0.0
            +---------+---------+-------+---------+---------+-------
